[Event "Titled Tuesday Blitz October 25 Late 2022"]
[White "Yeletsky, Ivan"]
[Black "Thomforde-Toates, Noah"]
[WhiteFideId "24180327"]
[BlackFideId "30951992"]
[WhiteElo "2391"]
[BlackElo "2663"]
[Result "1-0"]
[Round "03"]
[TimeControl "180+1"]
[Date "2022.10.26"]
[WhiteClock "0:01:55"]
[BlackClock "0:01:55"]

1. e4 c5 2. Na3 a6 3. c3 Nf6 4. e5 Nd5 5. g3 Nc6 6. Bg2 e6 7. Nf3 d6 8. exd6 Bxd6 9. O-O O-O 10. Nc4 Bc7 11. a4 Rb8 12. d4 b5 13. axb5 axb5 14. Nce5 Nxe5 15. Nxe5 Bb7 16. Re1 cxd4 17. Qxd4 Bb6 18. Qg4 Nf6 19. Qe2 Bxg2 20. Kxg2 Qd5+ 21. Qf3 Rfd8 22. Nc6 Qc4 23. Nxb8 Rxb8 24. Ra8 Qc8 25. Rxb8 Qxb8 26. Bf4 Qf8 27. Ra1 Nd5 28. Be5 h6 29. Qg4 g6 30. Bd4 Bxd4 31. Qxd4 Qd6 32. Ra8+ Kh7 33. Rh8# 1-0


[Site "https://www.chess.com"]

[Event "Titled Tuesday Blitz October 25 Late 2022"]
[White "Yeritsyan, Hayk"]
[Black "Lewicki, Miroslaw"]
[WhiteFideId "13307320"]
[BlackFideId "1113380"]
[WhiteElo "2411"]
[BlackElo "2236"]
[Result "0-1"]
[Round "03"]
[TimeControl "180+1"]
[Date "2022.10.26"]
[WhiteClock "0:00:46"]
[BlackClock "0:01:13"]

1. d4 b6 2. Nf3 Bb7 3. Bf4 Nf6 4. e3 g6 5. h3 Bg7 6. Be2 O-O 7. c3 c5 8. O-O d5 9. Bh2 Nbd7 10. Na3 a6 11. Rc1 b5 12. b4 c4 13. Nb1 Ne4 14. a4 bxa4 15. Nbd2 a5 16. Qxa4 Nb6 17. Qa3 Nxd2 18. Nxd2 a4 19. Nb1 Re8 20. Qb2 e5 21. Na3 exd4 22. exd4 Qg5 23. Bf3 Re6 24. Rfe1 Rae8 25. Rxe6 Rxe6 26. Qc2 Bc8 27. Bg3 h5 28. h4 Qe7 29. Qd2 Kh7 30. Rd1 Bh6 31. Bf4 Bg7 32. g3 Qe8 33. Kf1 Re7 34. Re1 Bh3+ 35. Bg2 Rxe1+ 36. Qxe1 Bxg2+ 0-1


[Site "https://www.chess.com"]

[Event "Titled Tuesday Blitz October 25 Late 2022"]
[White "Yuan, Qingyu"]
[Black "Barbero Sendic, Alejandro"]
[WhiteFideId "8609772"]
[BlackFideId "3001288"]
[WhiteElo "2359"]
[BlackElo "2314"]
[Result "1-0"]
[Round "03"]
[TimeControl "180+1"]
[Date "2022.10.26"]
[WhiteClock "0:00:04"]
[BlackClock "0:00:04"]

1. d4 g6 2. e4 Bg7 3. Nf3 d6 4. h3 Nf6 5. Bd3 Nc6 6. c3 e5 7. O-O exd4 8. cxd4 O-O 9. Nc3 Re8 10. Re1 Nh5 11. Bg5 Bf6 12. Be3 Bg7 13. Rc1 Nb4 14. Bb1 c6 15. a3 Na6 16. Bg5 Qb6 17. Qd2 Bd7 18. b4 Nc7 19. Bd3 a6 20. Bf1 Nb5 21. g4 Nf6 22. Qf4 Nxc3 23. Rxc3 Qd8 24. Qxd6 h6 25. Bxf6 Bxf6 26. Qf4 Bg7 27. e5 a5 28. Bc4 Be6 29. Bxe6 Rxe6 30. Kg2 axb4 31. axb4 Ra4 32. Rb3 Qd5 33. Qe3 f5 34. gxf5 gxf5 35. Kh2 f4 36. Qd3 Ra2 37. Rf1 b5 38. Ra3 Rxa3 39. Qxa3 Rg6 40. Qd3 Kf7 41. Nh4 Rg5 42. Nf3 Rg6 43. Qf5+ Bf6 44. Nh4 1-0


[Site "https://www.chess.com"]

[Event "Titled Tuesday Blitz October 25 Late 2022"]
[White "Yurovskykh, Oleksandr"]
[Black "Ozen, Bahadir"]
[WhiteFideId "14134020"]
[BlackFideId "6337058"]
[WhiteElo "2303"]
[BlackElo "2503"]
[Result "0-1"]
[Round "03"]
[TimeControl "180+1"]
[Date "2022.10.26"]
[WhiteClock "0:00:03"]
[BlackClock "0:00:19"]

1. d4 d6 2. Nf3 Nf6 3. Bg5 Nbd7 4. c4 e5 5. Nc3 c6 6. e3 Be7 7. Be2 O-O 8. O-O a6 9. Rc1 Re8 10. Qc2 Qc7 11. Rfd1 Nf8 12. Bh4 Ng6 13. Bg3 Nh5 14. Bd3 Nxg3 15. hxg3 Bd7 16. Bf5 Rad8 17. Bxd7 Rxd7 18. d5 c5 19. Rb1 Qc8 20. e4 Bd8 21. a3 Rf8 22. g4 Re7 23. Nh2 h5 24. Qe2 Nf4 25. Qf3 hxg4 26. Qxg4 Rc7 27. Qxc8 Rxc8 28. g3 Nh5 29. Nf3 g6 30. Kf1 Kg7 31. Ke2 f5 32. Rh1 Rh8 33. b3 Bf6 34. Nd2 f4 35. g4 f3+ 36. Nxf3 Nf4+ 37. Kd2 Rxh1 38. Rxh1 Rf8 39. Ne2 Bd8 40. Nfg1 Ba5+ 41. Kc2 Nxe2 42. Nxe2 Rxf2 43. Kd3 Rf3+ 44. Kc2 Re3 45. Rh2 Rxe4 46. Rg2 Re3 47. Rf2 Be1 48. Rg2 b5 49. cxb5 axb5 50. Nc1 Ba5 51. Ne2 c4 52. b4 Bb6 53. Nc3 Bd4 54. Nxb5 Rb3 55. Nxd6 Rb2+ 0-1


[Site "https://www.chess.com"]

[Event "Titled Tuesday Blitz October 25 Late 2022"]
[White "Zilleruelo Irizarry, Diego"]
[Black "Al-Tarboush, Ward"]
[WhiteFideId "3101460"]
[BlackFideId "7601450"]
[WhiteElo "1998"]
[BlackElo "2269"]
[Result "1-0"]
[Round "03"]
[TimeControl "180+1"]
[Date "2022.10.26"]
[WhiteClock "0:00:46"]
[BlackClock "0:01:24"]

1. e4 e5 2. Nf3 Nf6 3. Nxe5 d6 4. Nf3 Nxe4 5. d4 d5 6. Bd3 Nc6 7. h3 Be7 8. O-O O-O 9. c4 Nb4 10. Be2 Bf5 11. Na3 a6 12. c5 Re8 13. Ne5 f6 14. Nd3 Nxd3 15. Bxd3 Qd7 16. Bf4 Bf8 17. Nc2 Re7 18. Ne3 Bg6 19. Rc1 c6 20. b4 Rae8 21. a4 Bf7 22. b5 g5 23. Bh2 axb5 24. axb5 f5 25. Be5 f4 26. Ng4 h5 27. Bxe4 hxg4 28. Bd3 gxh3 29. Qf3 hxg2 30. Qxg2 Rxe5 31. dxe5 Rxe5 32. bxc6 bxc6 33. Rfe1 Qe7 34. Rxe5 Qxe5 35. Qh3 Qh8 36. Qxh8+ Kxh8 37. Bf5 d4 38. Be4 Be8 39. Kg2 Kg7 40. Rc4 Kf6 41. Rxd4 Bxc5 42. Rc4 Bd6 43. Bxc6 Bf7 44. Rc1 Be5 45. Bf3 Be6 46. Rc6 Ke7 47. Rxe6+ Kxe6 48. Bg4+ Kd5 49. f3 Kd4 50. Bh5 Ke3 51. Bg4 1-0


[Site "https://www.chess.com"]

[Event "Titled Tuesday Blitz October 25 Late 2022"]
[White "Abdyzhapar, Asylbek"]
[Black "Tang, Andrew"]
[WhiteFideId "13800337"]
[BlackFideId "2059630"]
[WhiteElo "2323"]
[BlackElo "2581"]
[Result "1/2-1/2"]
[Round "04"]
[TimeControl "180+1"]
[Date "2022.10.26"]
[WhiteClock "0:00:06"]
[BlackClock "0:00:04"]

1. e4 e5 2. Nf3 Nc6 3. Bb5 g6 4. c3 a6 5. Ba4 Bg7 6. d4 exd4 7. cxd4 b5 8. Bb3 Na5 9. Bc2 Ne7 10. O-O O-O 11. Bg5 h6 12. Bh4 d6 13. h3 g5 14. Bg3 f5 15. exf5 Nxf5 16. Bh2 Bb7 17. Nbd2 Qf6 18. Ne4 Qf7 19. Re1 Rae8 20. Qd3 Nc4 21. b3 Na3 22. Rad1 Nxd4 23. Nexg5 Rxe1+ 24. Rxe1 Qf5 25. Qxf5 Nxf5 26. Bxf5 Rxf5 27. Ne6 Bxf3 28. gxf3 Rf7 29. Nd8 Rxf3 30. Kg2 Rf8 31. Nc6 Nc2 32. Re7 Rf7 33. Re8+ Kh7 34. Ra8 Nd4 35. Rxa6 Nf5 36. Bg3 h5 37. h4 Bf6 38. Kh3 Kg6 39. a4 bxa4 40. bxa4 Bc3 41. a5 Nxg3 42. fxg3 Rf2 43. Ra7 Ra2 44. Rxc7 Kf5 45. Ne7+ Ke6 46. Rxc3 Kxe7 47. Rc7+ Ke6 48. Ra7 d5 49. Ra8 d4 50. a6 d3 51. a7 d2 52. Rd8 d1=Q 53. Rxd1 Rxa7 54. Rf1 Ra4 55. Rf4 Ra3 56. Kg2 Ra2+ 57. Kf3 Ra3+ 58. Kf2 Ra2+ 59. Kf3 Ra3+ 60. Kg2 Ra2+ 61. Rf2 Ra3 62. Re2+ Kf5 63. Rc2 Ra5 64. Kf2 Rb5 65. Re2 Kg4 66. Kg2 Rb4 67. Rf2 Rc4 68. Rf8 Rc2+ 69. Rf2 Rc4 70. Re2 Rd4 71. Rc2 Re4 72. Kf2 Kh3 73. Rc5 Ra4 74. Rg5 Ra2+ 75. Kf3 Ra3+ 76. Kf4 Ra4+ 77. Kf5 Ra3 78. Kg6 Ra4 79. Kxh5 Ra6 80. Rg6 Ra5+ 81. Rg5 Ra6 82. g4 Ra8 83. Rg7 Rh8+ 84. Kg6 Kxg4 85. Rh7 Rxh7 86. Kxh7 Kh5 87. Kg7 Kg4 88. Kg6 Kxh4 1/2-1/2


[Site "https://www.chess.com"]

[Event "Titled Tuesday Blitz October 25 Late 2022"]
[White "Aggelis, Nikolaos"]
[Black "Ali Abdullahi, Farah"]
[WhiteFideId "4213220"]
[BlackFideId "16100212"]
[WhiteElo "2187"]
[BlackElo "2216"]
[Result "1-0"]
[Round "04"]
[TimeControl "180+1"]
[Date "2022.10.26"]
[WhiteClock "0:00:27"]
[BlackClock "0:00:23"]

1. d4 e6 2. g3 d5 3. Bg2 c5 4. Nf3 Nc6 5. O-O Nf6 6. c4 Be7 7. dxc5 Bxc5 8. cxd5 exd5 9. a3 a6 10. Bg5 O-O 11. Nc3 d4 12. Bxf6 Qxf6 13. Nd5 Qd8 14. Ne1 Re8 15. Nd3 Ba7 16. Rc1 Bg4 17. Re1 Qd7 18. Nc5 Bxc5 19. Rxc5 Rad8 20. Nf4 d3 21. Nxd3 Qxd3 22. exd3 Bxd1 23. Rxd1 Re2 24. Bxc6 bxc6 25. Rxc6 Rxb2 26. Rxa6 h5 27. h4 Rd4 28. a4 Rb3 29. Kf1 Rdxd3 30. Rxd3 Rxd3 31. Ke2 Ra3 32. Ra7 Kh7 33. a5 Kg6 34. a6 f6 35. Ra8 Kf5 36. Kd2 g5 37. hxg5 fxg5 38. f3 h4 39. gxh4 gxh4 40. a7 Kf4 41. Rf8+ Kg3 42. a8=Q Rxa8 43. Rxa8 Kxf3 44. Rh8 Kg3 45. Ke1 h3 46. Kf1 h2 47. Rh7 1-0


[Site "https://www.chess.com"]

[Event "Titled Tuesday Blitz October 25 Late 2022"]
[White "Aghasiyev, Kamal"]
[Black "Vovk, Orest"]
[WhiteFideId "13402854"]
[BlackFideId "14113490"]
[WhiteElo "2341"]
[BlackElo "2215"]
[Result "0-1"]
[Round "04"]
[TimeControl "180+1"]
[Date "2022.10.26"]
[WhiteClock "0:00:06"]
[BlackClock "0:00:08"]

1. d4 e5 2. dxe5 Nc6 3. Nf3 Qe7 4. e4 Nxe5 5. Be2 Nf6 6. Nc3 Nxf3+ 7. Bxf3 Qe5 8. O-O Bc5 9. Nd5 Nxd5 10. exd5 O-O 11. Re1 Qf6 12. c3 d6 13. Be3 Bxe3 14. Rxe3 Bf5 15. Qb3 b6 16. Qc4 Rac8 17. Rae1 a5 18. Re7 b5 19. Qc6 b4 20. Rxc7 bxc3 21. bxc3 g5 22. Rxc8 Rxc8 23. Re8+ Rxe8 24. Qxe8+ Kg7 25. Qe3 h6 26. h3 a4 27. a3 Bc2 28. g3 Bb3 29. Kg2 Bc4 30. Kh2 Bb3 31. Bg2 Bc4 32. Qb6 Bb3 33. Qe3 Bc4 34. Qd2 Bb3 35. Be4 Qe5 36. Qd4 Qxd4 37. cxd4 Kf6 38. g4 Bc4 39. Kg3 Ke7 40. f4 f6 41. h4 Bb3 42. fxg5 fxg5 43. hxg5 hxg5 44. Kf2 Bd1 45. Bf3 Bb3 46. Ke3 Bc2 47. Kd2 Bb3 48. Kc3 Kd7 49. Kb4 Kc7 50. Be2 Kb6 51. Bb5 Bd1 52. Bd7 Kc7 53. Bf5 Kb6 54. Be6 Bb3 55. Bd7 Bd1 56. Bxa4 Bxg4 57. Bc2 Bf3 58. Kc3 g4 59. Kd2 g3 60. Ke3 g2 61. Kf2 Bxd5 62. Bd1 Kb5 63. Be2+ Ka4 64. Bg4 Kxa3 65. Bh3 Kb4 66. Bxg2 Bxg2 67. Kxg2 Kc3 68. d5 Kd4 69. Kf3 Kxd5 70. Ke3 Kc4 0-1


[Site "https://www.chess.com"]

[Event "Titled Tuesday Blitz October 25 Late 2022"]
[White "Aldokhin, Ivan"]
[Black "Sanal, Vahap"]
[WhiteFideId "24115720"]
[BlackFideId "6300545"]
[WhiteElo "2313"]
[BlackElo "2574"]
[Result "0-1"]
[Round "04"]
[TimeControl "180+1"]
[Date "2022.10.26"]
[WhiteClock "0:00:02"]
[BlackClock "0:01:33"]

1. e4 d6 2. d4 Nf6 3. Nc3 e5 4. Nf3 Nbd7 5. g4 d5 6. exd5 exd4 7. Nxd4 Bb4 8. Bg2 Ne5 9. Bg5 Bxg4 10. f3 Bh5 11. Nf5 O-O 12. O-O h6 13. Bh4 Ng6 14. Qd4 Nxh4 15. Qxh4 Bxc3 16. bxc3 Bg6 17. Ng3 Nxd5 18. Qd4 c5 19. Qxc5 Rc8 20. Qd4 Nxc3 21. Qxa7 b6 22. Qa3 Qd4+ 23. Kh1 Bxc2 24. Qb2 Bg6 25. Rae1 Rfd8 26. f4 Bd3 27. Rg1 Qxf4 28. Qxb6 Bg6 29. Qa5 Rd2 30. Qa7 Rxa2 31. Qe3 Qxe3 32. Rxe3 Rd2 33. h4 Nd1 34. Ree1 Rc4 35. Rxd1 Rxh4+ 0-1


[Site "https://www.chess.com"]

[Event "Titled Tuesday Blitz October 25 Late 2022"]
[White "Amburgy, Ryan"]
[Black "Golubev, Mikhail"]
[WhiteFideId "30924820"]
[BlackFideId "14100983"]
[WhiteElo "2121"]
[BlackElo "2374"]
[Result "1-0"]
[Round "04"]
[TimeControl "180+1"]
[Date "2022.10.26"]
[WhiteClock "0:00:09"]
[BlackClock "0:00:01"]

1. Nf3 d6 2. d4 Nf6 3. c4 g6 4. Nc3 Bg7 5. e4 O-O 6. Be2 e5 7. Be3 exd4 8. Nxd4 Re8 9. f3 c6 10. Nc2 Nh5 11. Qd2 f5 12. exf5 Bxf5 13. O-O-O Bxc2 14. Kxc2 Qe7 15. Bd4 Nf6 16. Rhe1 Na6 17. Bf1 Qf7 18. a3 Nc5 19. Bxf6 Qxf6 20. Rxe8+ Rxe8 21. Qxd6 Qf5+ 22. Bd3 Qg5 23. g3 Rd8 24. Qf4 Qxf4 25. gxf4 Rf8 26. f5 gxf5 27. b4 Ne6 28. Ne2 Be5 29. f4 Nxf4 30. Nxf4 Bxf4 31. Rf1 Bxh2 32. Bxf5 Kh8 33. a4 a5 34. b5 cxb5 35. axb5 Bd6 36. Rf3 b6 37. Kd3 Bc5 38. Ke4 a4 39. Rh3 Re8+ 40. Kd5 Re7 41. Be6 a3 42. Rg3 Rg7 43. Rf3 a2 44. Rf1 Ra7 45. Ra1 Bf8 46. c5 Bxc5 47. Kc4 Re7 48. Bd5 Re2 49. Kd3 Rb2 50. Rxa2 Rxb5 51. Ra7 Rb4 52. Kc3 Rd4 53. Be6 Rd6 54. Bb3 Rf6 55. Ra8+ Kg7 56. Rg8+ Kh6 57. Rg2 Rf3+ 58. Kc4 Rf4+ 59. Kd5 Rh4 60. Bd1 Rh1 61. Bf3 Rh4 62. Be2 Rf4 63. Ke5 Rf8 64. Rh2+ Kg7 65. Bd3 h6 66. Rg2+ Kh8 67. Rg6 Re8+ 68. Kf4 Rf8+ 69. Kg4 Be3 70. Kh5 Rg8 71. Re6 Rg5+ 72. Kh4 Rd5 73. Be4 Rd4 74. Re8+ Kg7 75. Kg4 Kf6 76. Kf3 Bg5 77. Rf8+ 1-0


[Site "https://www.chess.com"]

[Event "Titled Tuesday Blitz October 25 Late 2022"]
[White "Annaberdiyev, Babageldi"]
[Black "Ibarra Jerez, Jose Carlos"]
[WhiteFideId "14000385"]
[BlackFideId "2226332"]
[WhiteElo "2810"]
[BlackElo "2949"]
[Result "0-1"]
[Round "04"]
[TimeControl "180+1"]
[Date "2022.10.26"]
[WhiteClock "0:02:24"]
[BlackClock "0:01:11"]

1. e4 c5 2. Nf3 e6 3. d3 Nc6 4. Nbd2 g6 5. g3 Bg7 6. Bg2 Nge7 7. h4 h6 8. O-O O-O 9. Re1 e5 10. a4 d6 11. Nc4 f5 12. c3 Be6 13. h5 fxe4 14. Nh4 g5 15. Ng6 Nxg6 16. hxg6 exd3 17. Qxd3 d5 18. Ne3 e4 19. Qb5 Qd6 20. Rd1 a6 21. Qb6 d4 22. Bxe4 Qe5 23. Bxc6 dxe3 24. Bxe3 bxc6 25. Qxc6 Rac8 26. Qd6 Qe4 27. Qd3 Qf3 0-1


[Site "https://www.chess.com"]

[Event "Titled Tuesday Blitz October 25 Late 2022"]
[White "Arbunic Castro, Giovanna"]
[Black "Clawitter, Craig"]
[WhiteFideId "3400549"]
[BlackFideId "2023105"]
[WhiteElo "1868"]
[BlackElo "2248"]
[Result "0-1"]
[Round "04"]
[TimeControl "180+1"]
[Date "2022.10.26"]
[WhiteClock "0:00:18"]
[BlackClock "0:00:20"]

1. e4 e6 2. d4 d5 3. exd5 exd5 4. Nf3 Bd6 5. Bd3 Nc6 6. c4 dxc4 7. Bxc4 Nf6 8. O-O O-O 9. Bg5 h6 10. Bh4 Bg4 11. h3 Bxf3 12. Qxf3 Nxd4 13. Qxb7 Nc2 14. Nc3 Nxa1 15. Rxa1 Rb8 16. Qf3 Rxb2 17. Nd5 Be5 18. Re1 Bd4 19. Ne7+ Kh8 20. Nf5 c5 21. Rd1 Qa8 0-1


[Site "https://www.chess.com"]

[Event "Titled Tuesday Blitz October 25 Late 2022"]
[White "Ardila, Oscar Humberto"]
[Black "Luxama, Jacques Muller"]
[WhiteFideId "4404742"]
[BlackFideId "11900113"]
[WhiteElo "1898"]
[BlackElo "1931"]
[Result "1/2-1/2"]
[Round "04"]
[TimeControl "180+1"]
[Date "2022.10.26"]
[WhiteClock "0:00:52"]
[BlackClock "0:00:05"]

1. d4 Nf6 2. c4 g6 3. Nc3 Bg7 4. Nf3 O-O 5. e3 d5 6. Be2 c6 7. O-O Bg4 8. cxd5 cxd5 9. h3 Bxf3 10. Bxf3 e6 11. Qb3 b6 12. Bd2 Nc6 13. Rac1 Na5 14. Qc2 Nc4 15. b3 Nxd2 16. Qxd2 Qd7 17. a4 Rfc8 18. Nb5 a6 19. Nc3 Bf8 20. Qb2 Bb4 21. Na2 Qd6 22. Rxc8+ Rxc8 23. Rc1 Rxc1+ 24. Qxc1 a5 25. Qc8+ Kg7 26. Qb7 Bd2 27. Qc8 Qa3 28. Qc2 Bb4 29. g4 h6 30. Kg2 Ne8 31. h4 Nd6 32. g5 Nf5 33. Kh3 hxg5 34. hxg5 Be7 35. Bg4 Bxg5 36. Bxf5 gxf5 37. f4 Bf6 38. Kg3 Qf8 39. Kf3 Qh8 40. Qg2+ Kf8 41. Ke2 Qh5+ 42. Kd2 Qg4 43. Qe2 Qg1 44. Qe1 Qg2+ 45. Qe2 Qe4 46. Kc1 Be7 47. Nc3 Ba3+ 48. Kd2 Qh1 49. Qe1 Qxe1+ 50. Kxe1 Bb4 51. Kd2 Bxc3+ 52. Kxc3 Kg7 53. b4 Kg6 54. bxa5 bxa5 55. Kd3 Kh5 56. Ke2 Kg4 57. Kf2 Kh3 58. Kf3 Kh2 59. Kf2 Kh3 60. Kf3 Kh4 61. Kf2 Kg4 62. Kg2 f6 63. Kf2 Kh3 64. Kf3 Kh4 65. Kf2 Kh5 66. Kg3 Kg6 67. Kh4 Kh6 68. Kg3 Kh5 69. Kh3 Kg6 70. Kg3 Kh6 71. Kh4 Kg6 72. Kg3 Kh6 73. Kh4 Kg6 74. Kg3 1/2-1/2


[Site "https://www.chess.com"]

[Event "Titled Tuesday Blitz October 25 Late 2022"]
[White "Ashiku, Franc"]
[Black "Vasquez Garrido, Nuremberg"]
[WhiteFideId "4700066"]
[BlackFideId "4432118"]
[WhiteElo "2306"]
[BlackElo "2062"]
[Result "1-0"]
[Round "04"]
[TimeControl "180+1"]
[Date "2022.10.26"]
[WhiteClock "0:00:05"]
[BlackClock "0:00:02"]

1. d4 Nc6 2. c4 e5 3. dxe5 Nxe5 4. e3 Nf6 5. Nc3 b6 6. Nf3 Bd6 7. Be2 Bb7 8. h3 O-O 9. O-O Qe7 10. Nd4 g6 11. Ncb5 Ne8 12. Nxd6 Nxd6 13. b3 Qg5 14. e4 Qh4 15. f4 Nc6 16. Nf3 Qe7 17. e5 Ne4 18. Bb2 Ng3 19. Re1 Nxe2+ 20. Qxe2 Rad8 21. Rad1 Qc5+ 22. Kh2 Ne7 23. Nh4 Qc6 24. Rd2 d6 25. Ba3 Nf5 26. Nxf5 gxf5 27. Bb2 dxe5 28. Bxe5 f6 29. Bc3 Kg7 30. Rg1 Rde8 31. Qf2 Re7 32. Qh4 Kh8 33. Qh6 Rg7 34. Re2 Rfg8 35. g3 Qd7 36. Bxf6 Qd3 37. Bxg7+ Rxg7 38. Re8+ Rg8 39. Qf6# 1-0


[Site "https://www.chess.com"]

[Event "Titled Tuesday Blitz October 25 Late 2022"]
[White "Atanasov, Anthony"]
[Black "D`Arruda, Ricardo D."]
[WhiteFideId "2623897"]
[BlackFideId "100692"]
[WhiteElo "2048"]
[BlackElo "2452"]
[Result "1-0"]
[Round "04"]
[TimeControl "180+1"]
[Date "2022.10.26"]
[WhiteClock "0:00:51"]
[BlackClock "0:00:39"]

1. e4 c5 2. Nf3 Nc6 3. d4 cxd4 4. Nxd4 e5 5. Nb5 a6 6. Nd6+ Bxd6 7. Qxd6 Qe7 8. Qxe7+ Ngxe7 9. c4 d6 10. Nc3 Be6 11. b3 O-O-O 12. Be2 Nd4 13. Bd1 Kb8 14. Be3 Nec6 15. Kd2 f5 16. Re1 f4 17. Bxd4 Nxd4 18. Ne2 Nxe2 19. Bxe2 Kc7 20. Rad1 a5 21. Kc3 g5 22. h3 b6 23. a3 h6 24. b4 axb4+ 25. axb4 Ra8 26. Ra1 Kb7 27. Bg4 Bf7 28. Red1 Rxa1 29. Rxa1 Ra8 30. Rxa8 Kxa8 31. g3 Kb7 32. h4 Kc6 33. Bf5 Bg8 34. Bg6 Be6 35. Be8+ Kc7 36. Kd3 Bh3 37. Bg6 Bf1+ 38. Kc3 Kd7 39. Bf5+ Ke7 40. Bc8 Kf6 41. Bf5 Ke7 42. Bg4 Kf6 43. Bf5 Be2 44. Kb3 Bd1+ 45. Ka3 Be2 46. Kb3 Bf1 47. Bd7 Bd3 48. Bc6 Be2 49. Bd5 Bd3 50. Ka4 gxh4 51. gxh4 Kg6 52. Kb5 Kh5 53. Kxb6 Kxh4 54. b5 Kg4 55. Kc7 Kf3 56. b6 1-0


[Site "https://www.chess.com"]

[Event "Titled Tuesday Blitz October 25 Late 2022"]
[White "Averjanov, Alexey"]
[Black "Dzierzak, Radoslaw"]
[WhiteFideId "14109867"]
[BlackFideId "1161407"]
[WhiteElo "2671"]
[BlackElo "2111"]
[Result "1-0"]
[Round "04"]
[TimeControl "180+1"]
[Date "2022.10.26"]
[WhiteClock "0:00:53"]
[BlackClock "0:00:02"]

1. d4 Nf6 2. c4 e6 3. Nf3 Bb4+ 4. Nbd2 b6 5. g3 Bb7 6. Bg2 O-O 7. O-O d5 8. b3 Nbd7 9. Bb2 Be7 10. Rc1 a5 11. e3 Qb8 12. Qe2 Rc8 13. Rfd1 Qa7 14. Ne5 Nf8 15. e4 a4 16. exd5 exd5 17. cxd5 Nxd5 18. Nc6 Bxc6 19. Rxc6 Nb4 20. Qxe7 Nxc6 21. Bxc6 Rab8 22. Bd5 Kh8 23. Bxf7 Rb7 24. Qg5 c5 25. Bd5 Re7 26. dxc5 Rxc5 27. Qf5 Ng6 28. Ne4 Rc2 29. Ng5 Rcc7 30. Rd4 Re5 31. Qxg6 Rxd5 32. Qxh7# 1-0


[Site "https://www.chess.com"]

[Event "Titled Tuesday Blitz October 25 Late 2022"]
[White "Babazada, Khazar"]
[Black "Goryachkina, Aleksandra"]
[WhiteFideId "13413554"]
[BlackFideId "4147103"]
[WhiteElo "2367"]
[BlackElo "2484"]
[Result "1/2-1/2"]
[Round "04"]
[TimeControl "180+1"]
[Date "2022.10.26"]
[WhiteClock "0:01:51"]
[BlackClock "0:00:07"]

1. c4 e6 2. Nf3 d5 3. g3 Nf6 4. Bg2 dxc4 5. Qa4+ Bd7 6. Qxc4 c5 7. O-O Nc6 8. Nc3 Rc8 9. d3 Be7 10. Bd2 O-O 11. Rac1 a6 12. Ne4 b5 13. Qc2 Nd4 14. Nxd4 cxd4 15. Nxf6+ Bxf6 16. Qb3 Qb6 17. a4 Bc6 18. a5 Qb7 19. Rxc6 Rxc6 20. Bxc6 Qxc6 21. Rc1 Qb7 22. Qa3 Rc8 23. Rxc8+ Qxc8 24. Qd6 h6 25. Bb4 Kh7 26. Bc5 e5 27. b4 Qe6 28. Qxe6 fxe6 29. Kg2 Kg6 30. Kf3 Kf5 31. Bd6 h5 32. h3 g6 33. e4+ dxe3 34. fxe3 Bg7 35. Bc7 Bf8 36. Bd8 g5 37. g4+ hxg4+ 38. hxg4+ Kg6 39. Ke4 Bxb4 40. Kxe5 Kf7 41. Bxg5 Bxa5 42. e4 Bc3+ 43. Kd6 b4 44. Bc1 b3 45. Kc5 b2 46. Bxb2 Bxb2 47. d4 a5 48. d5 exd5 49. exd5 a4 50. Kb4 a3 51. Kb3 Ke7 52. g5 Kd6 53. g6 Kxd5 54. g7 Bxg7 55. Kxa3 1/2-1/2


[Site "https://www.chess.com"]

[Event "Titled Tuesday Blitz October 25 Late 2022"]
[White "Baches Garcia, Guillermo"]
[Black "Fernandez De La Vara, Arnaldo"]
[WhiteFideId "2209764"]
[BlackFideId "3518388"]
[WhiteElo "2443"]
[BlackElo "2387"]
[Result "0-1"]
[Round "04"]
[TimeControl "180+1"]
[Date "2022.10.26"]
[WhiteClock "0:00:01"]
[BlackClock "0:01:18"]

1. e4 c5 2. Nf3 e6 3. c4 Qc7 4. Nc3 a6 5. Be2 Nf6 6. O-O Nc6 7. a3 b6 8. d3 Bb7 9. Rb1 Bd6 10. b4 Ng4 11. h3 Nge5 12. Nxe5 Bxe5 13. Na4 Nd4 14. bxc5 b5 15. f4 Nxe2+ 16. Qxe2 Bd4+ 17. Be3 Bxe3+ 18. Qxe3 bxa4 19. d4 Rc8 20. Rb6 O-O 21. d5 Ba8 22. Rxa6 f5 23. exf5 exd5 24. cxd5 Qxc5 25. Qxc5 Rxc5 26. Re1 Rxd5 27. Re7 Bc6 0-1


[Site "https://www.chess.com"]

[Event "Titled Tuesday Blitz October 25 Late 2022"]
[White "Ballester Llagaria, Luis Eduardo"]
[Black "Matinian, Nikita"]
[WhiteFideId "2297620"]
[BlackFideId "24129100"]
[WhiteElo "2344"]
[BlackElo "2422"]
[Result "1-0"]
[Round "04"]
[TimeControl "180+1"]
[Date "2022.10.26"]
[WhiteClock "0:00:13"]
[BlackClock "0:00:08"]

1. e4 c5 2. Nf3 d6 3. d4 cxd4 4. Nxd4 Nf6 5. Nc3 g6 6. Be3 Nc6 7. Bb5 Bd7 8. f3 Bg7 9. Qd2 O-O 10. O-O-O Nxd4 11. Bxd4 Bxb5 12. Nxb5 a6 13. Nc3 Rc8 14. Kb1 b5 15. h4 h5 16. g4 hxg4 17. h5 gxh5 18. fxg4 e5 19. Be3 b4 20. Nd5 Nxe4 21. Qg2 hxg4 22. Qxg4 f5 23. Qg6 Rf6 24. Qh7+ Kf7 25. Rdg1 Qh8 26. Nxf6 Qxh7 27. Rxh7 Kxf6 28. Rhxg7 f4 29. Bb6 d5 30. Kc1 d4 31. Rc7 Rh8 32. Rc6+ Kf5 33. Bc7 f3 34. Rxa6 Ng5 35. Bxe5 f2 36. Rf6+ Kxe5 37. Rxf2 Ne4 38. Re1 Rh4 39. Rfe2 Kd5 40. Rxe4 Rxe4 41. Rxe4 Kxe4 42. Kd2 Ke5 43. Ke2 Kd6 44. Kd2 Ke6 45. Kd3 Kd5 46. a4 bxa3 47. bxa3 Kc5 48. a4 Kd5 49. a5 Kc5 50. a6 Kb6 51. Kxd4 Kxa6 52. Kc5 Kb7 53. Kd6 Kb6 54. c4 Kb7 55. Kd7 Kb6 56. Kd6 Kb7 57. c5 Kc8 58. Kc6 Kb8 59. Kd7 1-0


[Site "https://www.chess.com"]

[Event "Titled Tuesday Blitz October 25 Late 2022"]
[White "Banzea, Alexandru-Bogdan"]
[Black "Holt, Conrad"]
[WhiteFideId "1232622"]
[BlackFideId "2034387"]
[WhiteElo "2294"]
[BlackElo "2592"]
[Result "1-0"]
[Round "04"]
[TimeControl "180+1"]
[Date "2022.10.26"]
[WhiteClock "0:00:05"]
[BlackClock "0:00:05"]

1. d4 d5 2. Nf3 Nf6 3. Bf4 c5 4. e3 Nc6 5. Nbd2 Bf5 6. dxc5 e6 7. Nd4 Bxc5 8. Nxf5 exf5 9. c3 O-O 10. Be2 h6 11. h4 Bd6 12. Bxd6 Qxd6 13. g3 Rfe8 14. Qc2 Ne4 15. Nxe4 dxe4 16. Rd1 Qe6 17. Qb3 Qe7 18. Kf1 Ne5 19. Kg2 Rac8 20. Rd5 Rc6 21. Rhd1 Rb6 22. Rb5 Rxb5 23. Qxb5 g6 24. Qd5 Kg7 25. Qd6 Qxd6 26. Rxd6 Re6 27. Rxe6 fxe6 28. Kf1 Kf6 29. Ke1 g5 30. hxg5+ Kxg5 31. c4 h5 32. c5 a5 33. a3 a4 34. Bb5 Nd3+ 35. Bxd3 exd3 36. Kd2 Kg4 37. Kxd3 Kf3 38. b4 axb3 39. a4 b2 40. Kc2 Ke4 41. c6 bxc6 42. a5 Kf3 43. a6 Kxf2 44. a7 Kxe3 45. a8=Q e5 46. Qxc6 f4 47. gxf4 exf4 48. Qc5+ Ke2 49. Qe5+ Kf3 50. Kxb2 h4 51. Kc2 h3 52. Kd3 h2 53. Qh5+ Kg2 54. Qg4+ Kf2 55. Qxf4+ Kg2 56. Ke2 h1=Q 57. Qg4+ Kh2 58. Kf2 Qf3+ 59. Kxf3 1-0


[Site "https://www.chess.com"]

[Event "Titled Tuesday Blitz October 25 Late 2022"]
[White "Barbero Sendic, Alejandro"]
[Black "Barash, Anton"]
[WhiteFideId "3001288"]
[BlackFideId "30935229"]
[WhiteElo "2314"]
[BlackElo "2281"]
[Result "1-0"]
[Round "04"]
[TimeControl "180+1"]
[Date "2022.10.26"]
[WhiteClock "0:01:50"]
[BlackClock "0:00:52"]

1. d4 Nf6 2. Nc3 g6 3. e4 d6 4. Nf3 Bg7 5. Be2 O-O 6. O-O c5 7. d5 a6 8. a4 e5 9. dxe6 Bxe6 10. Bg5 Qb6 11. Qd2 Qb4 12. Bxf6 Bxf6 13. Nd5 Bxd5 14. Qxd5 Rd8 15. Bc4 Bxb2 16. Qxf7+ Kh8 17. Ng5 Bg7 18. Qg8+ Rxg8 19. Nf7# 1-0


[Site "https://www.chess.com"]